SL
THUNDER BAY NORTHERN LIONS BC @ VANCOUVER GREY WOLVES
08/30/2029
 
TOP OF THE 1ST
Thunder Bay Northern Lions BC batting - Pitching for Vancouver Grey Wolves : RHP Juan Pérez
Pitching: RHP Juan Pérez
Batting: RHB Augusto Encarnación 0-0: Ball
1-0: Ground out 6-3 (Groundball, 6)
Batting: RHB António Mendoza 0-0: Ball
1-0: Foul Ball, location: 2F
1-1: Foul Ball, location: 2F
1-2: Ball
2-2: SINGLE (Line Drive, 3D)
Batting: RHB Carlos Padilla 0-0: Ball
1-0: Ball
2-0: Foul Ball, location: 2F
2-1: Fly out, F7 (Flyball, 7)
Batting: RHB Denis Higgins 0-0: Called Strike
0-1: Ball
1-1: Ball
2-1: Ball
3-1: Ground out 6-3 (Groundball, 6S)
Top of the 1st over - 0 runs, 1 hit, 0 errors, 1 left on base; Thunder Bay 0 - Vancouver 0
BOTTOM OF THE 1ST
Vancouver Grey Wolves batting - Pitching for Thunder Bay Northern Lions BC : LHP Norberto Quintana
Pitching: LHP Norberto Quintana
Batting: RHB Hank Scorpio 0-0: Foul Ball, location: 2F
0-1: SINGLE (Groundball, 34D)
Batting: LHB David Smith 0-0: Ball
1-0: Grounds into double play, 4-6-3 (Groundball, 4)
Batting: RHB José Jarca 0-0: Ball
1-0: Fly out, F9 (Flyball, 9S)
Bottom of the 1st over - 0 runs, 1 hit, 0 errors, 0 left on base; Thunder Bay 0 - Vancouver 0
TOP OF THE 2ND
Thunder Bay Northern Lions BC batting - Pitching for Vancouver Grey Wolves : RHP Juan Pérez
Batting: SHB Carlos Rodríguez 0-0: Ball
1-0: Ball
2-0: Ball
3-0: Called Strike
3-1: Base on Balls
Batting: RHB Jesús Orozco 0-0: Called Strike
0-1: SINGLE (Groundball, 34D)
Carlos Rodríguez to second
Carlos Rodríguez to third
Batting: SHB Terumoto Kurihara 0-0: Called Strike
0-1: Swinging Strike
0-2: Foul Ball, location: 2F
0-2: Ball
Jesús Orozco is caught stealing 2nd base
1-2: Fly out, F9 (Flyball, 9S)
Batting: RHB Keith Fish 0-0: Ball
1-0: Ground out 1-3 (Groundball, 13S)
Top of the 2nd over - 0 runs, 1 hit, 0 errors, 1 left on base; Thunder Bay 0 - Vancouver 0
BOTTOM OF THE 2ND
Vancouver Grey Wolves batting - Pitching for Thunder Bay Northern Lions BC : LHP Norberto Quintana
Batting: RHB Hugh Mungus 0-0: Ball
1-0: Called Strike
1-1: SINGLE (Groundball, 56D)
Batting: LHB Preston Witt 0-0: Ball
1-0: Foul Ball, location: 2F
1-1: SINGLE (Groundball, 4MD)
Hugh Mungus to second
Runner from 2nd tries for 3rd, SAFE, no throw
Batting: RHB Gilberto Rodríguez 0-0: SINGLE (Groundball, 56D)
Hugh Mungus scores
Preston Witt to second
Batting: LHB Michael Malloy 0-0: Ball
1-0: Called Strike
1-1: Swinging Strike
1-2: Ball
2-2: Foul Ball, location: 2F
2-2: Strikes out swinging
Batting: RHB Wilson Vega 0-0: Ball
1-0: SINGLE (Groundball, 6) (infield hit)
Preston Witt to third
Gilberto Rodríguez to second
Batting: RHB Rodney Hanna 0-0: Ground out 5-3 (Groundball, 56S)
Preston Witt scores
Gilberto Rodríguez to third
Wilson Vega to second
Batting: RHB Hank Scorpio 0-0: Ball
1-0: Ball
2-0: Foul Ball, location: 2F
2-1: Fly out, F8 (Line Drive, 8RM)
Bottom of the 2nd over - 2 runs, 4 hits, 0 errors, 2 left on base; Thunder Bay 0 - Vancouver 2
TOP OF THE 3RD
Thunder Bay Northern Lions BC batting - Pitching for Vancouver Grey Wolves : RHP Juan Pérez
Batting: LHB Luis Freitas 0-0: SINGLE (Line Drive, 56)
Batting: RHB Augusto Encarnación 0-0: Ball
1-0: Called Strike
1-1: Ball
2-1: Fly out, F8 (Line Drive, 8LXD)
Runner from 1st tags up, SAFE at 2nd
Batting: RHB António Mendoza 0-0: Ball
1-0: Called Strike
1-1: Called Strike
1-2: Ball
2-2: Strikes out swinging
Batting: RHB Carlos Padilla 0-0: SINGLE (Groundball, 34D)
Luis Freitas to third
Runner from 3rd tries for Home, SAFE, throw made home
Carlos Padilla to second
Batting: RHB Denis Higgins 0-0: Ball
1-0: Called Strike
1-1: Ball
2-1: Swinging Strike
2-2: Fly out, F8 (Flyball, 89S)
Top of the 3rd over - 1 run, 2 hits, 0 errors, 1 left on base; Thunder Bay 1 - Vancouver 2
BOTTOM OF THE 3RD
Vancouver Grey Wolves batting - Pitching for Thunder Bay Northern Lions BC : LHP Norberto Quintana
Batting: LHB David Smith 0-0: Ball
1-0: Foul Ball, location: 2F
1-1: Ball
2-1: Foul Ball, location: 2F
2-2: Foul Ball, location: 2F
2-2: Strikes out swinging
Batting: RHB José Jarca 0-0: Ball
1-0: Ball
2-0: Ball
3-0: Called Strike
3-1: Foul Ball, location: 2F
3-2: Base on Balls
Batting: RHB Hugh Mungus 0-0: Fly out, F6 (Line Drive, 6)
Batting: LHB Preston Witt 0-0: Ball
1-0: Foul Ball, location: 2F
1-1: Foul Ball, location: 2F
1-2: Foul Ball, location: 2F
1-2: Fly out, F4 (Line Drive, 4M)
Bottom of the 3rd over - 0 runs, 0 hits, 0 errors, 1 left on base; Thunder Bay 1 - Vancouver 2
TOP OF THE 4TH
Thunder Bay Northern Lions BC batting - Pitching for Vancouver Grey Wolves : RHP Juan Pérez
Batting: SHB Carlos Rodríguez 0-0: Called Strike
0-1: Ball
1-1: Foul Ball, location: 2F
1-2: Foul Ball, location: 2F
1-2: Foul Ball, location: 2F
1-2: Strikes out swinging
Batting: RHB Jesús Orozco 0-0: Ball
1-0: Called Strike
1-1: Foul Ball, location: 2F
1-2: Foul Ball, location: 2F
1-2: Ball
2-2: Foul Ball, location: 2F
2-2: Ground out 6-3 (Groundball, 6)
Batting: SHB Terumoto Kurihara 0-0: Foul Ball, location: 2F
0-1: Ball
1-1: SINGLE (Groundball, 56D)
Batting: RHB Keith Fish 0-0: Foul Ball, location: 2F
0-1: Ball
1-1: Ball
2-1: Swinging Strike
2-2: Strikes out swinging
Top of the 4th over - 0 runs, 1 hit, 0 errors, 1 left on base; Thunder Bay 1 - Vancouver 2
BOTTOM OF THE 4TH
Vancouver Grey Wolves batting - Pitching for Thunder Bay Northern Lions BC : LHP Norberto Quintana
Batting: RHB Gilberto Rodríguez 0-0: Ball
1-0: Fly out, F7 (Flyball, 7D)
Batting: LHB Michael Malloy 0-0: Called Strike
0-1: Ball
1-1: Ground out U3 (Groundball, 34)
Batting: RHB Wilson Vega 0-0: Foul Ball, location: 2F
0-1: Fly out, F7 (Flyball, 7LM)
Bottom of the 4th over - 0 runs, 0 hits, 0 errors, 0 left on base; Thunder Bay 1 - Vancouver 2
TOP OF THE 5TH
Thunder Bay Northern Lions BC batting - Pitching for Vancouver Grey Wolves : RHP Juan Pérez
Batting: LHB Luis Freitas 0-0: Ball
1-0: DOUBLE (Line Drive, 3D)
Batting: RHB Augusto Encarnación 0-0: Called Strike
0-1: Fly out, F5 (Popup, 5F)
Batting: RHB António Mendoza 0-0: Called Strike
0-1: Ball
1-1: Ball
2-1: Ground out 5-3 (Groundball, 5L)
Batting: RHB Carlos Padilla 0-0: Called Strike
0-1: Ball
1-1: Ball
2-1: Swinging Strike
2-2: Foul Ball, location: 2F
2-2: Ball
3-2: Foul Ball, location: 2F
3-2: Base on Balls
Batting: RHB Denis Higgins 0-0: SINGLE (Line Drive, 8LS)
Luis Freitas to third
Carlos Padilla to second
Runner from 3rd tries for Home, SAFE, throw made home
Batting: SHB Carlos Rodríguez 0-0: Called Strike
0-1: Ball
1-1: Ball
2-1: Called Strike
2-2: Ball
3-2: Foul Ball, location: 2F
3-2: SINGLE (Groundball, 4MD)
Carlos Padilla to third
Denis Higgins to second
Carlos Padilla scores
Denis Higgins to third
Batting: RHB Jesús Orozco 0-0: Called Strike
0-1: Foul Ball, location: 2F
0-2: Ball
1-2: Strikes out swinging
Top of the 5th over - 2 runs, 3 hits, 0 errors, 2 left on base; Thunder Bay 3 - Vancouver 2
BOTTOM OF THE 5TH
Vancouver Grey Wolves batting - Pitching for Thunder Bay Northern Lions BC : LHP Norberto Quintana
Batting: RHB Rodney Hanna 0-0: Ball
1-0: Called Strike
1-1: Swinging Strike
1-2: Ball
2-2: SINGLE (Line Drive, 9LM)
Batting: RHB Hank Scorpio 0-0: Grounds into double play, 4-6-3 (Groundball, 34D)
Batting: LHB David Smith 0-0: Swinging Strike
0-1: Ball
1-1: Ball
2-1: Hit by Pitch
Batting: RHB José Jarca 0-0: Fielders Choice at 2nd, 6-4 (Groundball, 6)
Bottom of the 5th over - 0 runs, 1 hit, 0 errors, 1 left on base; Thunder Bay 3 - Vancouver 2
TOP OF THE 6TH
Thunder Bay Northern Lions BC batting - Pitching for Vancouver Grey Wolves : RHP Juan Pérez
Batting: SHB Terumoto Kurihara 0-0: Ball
1-0: Ball
2-0: Called Strike
2-1: SINGLE (Groundball, 4D)
Batting: RHB Keith Fish 0-0: Ball
1-0: Ground out 5-3 (Groundball, 5)
Terumoto Kurihara to second
Batting: LHB Luis Freitas 0-0: Swinging Strike
0-1: Ball
1-1: Ball
2-1: Ground out U3 (Groundball, 3)
Terumoto Kurihara to third
Pitching: RHP Tyler Rodríguez
Batting: RHB Augusto Encarnación 0-0: Fly out, F9 (Flyball, 9D)
Top of the 6th over - 0 runs, 1 hit, 0 errors, 1 left on base; Thunder Bay 3 - Vancouver 2
BOTTOM OF THE 6TH
Vancouver Grey Wolves batting - Pitching for Thunder Bay Northern Lions BC : LHP Norberto Quintana
Batting: RHB Hugh Mungus 0-0: Ground out 5-3 (Groundball, 56)
Batting: LHB Preston Witt 0-0: Swinging Strike
0-1: Swinging Strike
0-2: Ball
1-2: Foul Ball, location: 2F
1-2: Foul Ball, location: 2F
1-2: Fly out, F9 (Flyball, 89M)
Batting: RHB Gilberto Rodríguez 0-0: Foul Ball, location: 2F
0-1: Ground out 6-3 (Groundball, 6S)
Bottom of the 6th over - 0 runs, 0 hits, 0 errors, 0 left on base; Thunder Bay 3 - Vancouver 2
TOP OF THE 7TH
Thunder Bay Northern Lions BC batting - Pitching for Vancouver Grey Wolves : RHP Tyler Rodríguez
Batting: RHB António Mendoza 0-0: Foul Ball, location: 2F
0-1: Ball
1-1: Called Strike
1-2: Foul Ball, location: 2F
1-2: Ground out 4-3 (Groundball, 4)
Batting: RHB Carlos Padilla 0-0: Ground out 1-3 (Groundball, 13)
Batting: RHB Denis Higgins 0-0: Called Strike
0-1: Called Strike
0-2: Fly out, F8 (Flyball, 89M)
Top of the 7th over - 0 runs, 0 hits, 0 errors, 0 left on base; Thunder Bay 3 - Vancouver 2
BOTTOM OF THE 7TH
Vancouver Grey Wolves batting - Pitching for Thunder Bay Northern Lions BC : LHP Norberto Quintana
Batting: LHB Michael Malloy 0-0: Foul Ball, location: 2F
0-1: Ball
1-1: Called Strike
1-2: Foul Ball, location: 2F
1-2: Ball
2-2: Ball
3-2: SINGLE (Line Drive, 7S)
Batting: RHB Wilson Vega 0-0: Ball
1-0: Called Strike
1-1: Fielders Choice at 2nd, 2-4 (Groundball, 2L)
Batting: RHB Rodney Hanna 0-0: Fly out, F7 (Line Drive, 7D)
Batting: RHB Hank Scorpio 0-0: SINGLE (Groundball, 6MD)
Wilson Vega to second
Runner from 2nd tries for 3rd, SAFE, no throw
Batting: LHB David Smith 0-0: Foul Ball, location: 2F
0-1: Called Strike
0-2: Ball
1-2: Ground out 4-3 (Groundball, 4)
Bottom of the 7th over - 0 runs, 2 hits, 0 errors, 2 left on base; Thunder Bay 3 - Vancouver 2
TOP OF THE 8TH
Thunder Bay Northern Lions BC batting - Pitching for Vancouver Grey Wolves : RHP Tyler Rodríguez
Pitching: RHP Francisco Valdés
Batting: SHB Carlos Rodríguez 0-0: Foul Ball, location: 2F
0-1: Swinging Strike
0-2: Ball
1-2: Foul Ball, location: 2F
1-2: Ball
2-2: Ball
3-2: Strikes out swinging
Batting: RHB Jesús Orozco 0-0: Called Strike
0-1: Foul Ball, location: 2F
0-2: Ball
1-2: Fly out, F5 (Line Drive, 5)
Batting: SHB Terumoto Kurihara 0-0: Ball
1-0: Foul Ball, location: 2F
1-1: Fly out, F6 (Popup, 6D)
Top of the 8th over - 0 runs, 0 hits, 0 errors, 0 left on base; Thunder Bay 3 - Vancouver 2
BOTTOM OF THE 8TH
Vancouver Grey Wolves batting - Pitching for Thunder Bay Northern Lions BC : LHP Norberto Quintana
Batting: RHB José Jarca 0-0: Ball
1-0: Foul Ball, location: 2F
1-1: Foul Ball, location: 2F
1-2: SINGLE (Line Drive, 4D)
Batting: RHB Hugh Mungus 0-0: Called Strike
0-1: Ball
1-1: SINGLE (Line Drive, 9LM)
José Jarca to second
Batting: LHB Preston Witt 0-0: Swinging Strike
0-1: Swinging Strike
Balk!
José Jarca to third
Hugh Mungus to second
0-2: Fly out, F7 (Flyball, 78S)
Batting: RHB Gilberto Rodríguez 0-0: Ball
1-0: Fly out, F9 (Flyball, 9)
Runner from 3rd tags up, SCORES, throw made
Batting: LHB Michael Malloy 0-0: Ball
1-0: Foul Ball, location: 2F
1-1: Foul Ball, location: 2F
1-2: Ball
2-2: Foul Ball, location: 2F
2-2: Ball
3-2: SINGLE (Line Drive, 34D)
Hugh Mungus to third
Hugh Mungus scores
Batting: RHB Wilson Vega 0-0: Called Strike
0-1: Ball
1-1: Foul Ball, location: 2F
1-2: SINGLE (Line Drive, 7S)
Michael Malloy to second
Runner from 2nd tries for 3rd, SAFE, no throw
Batting: RHB Rodney Hanna 0-0: Foul Ball, location: 2F
0-1: Called Strike
0-2: Ball
Wilson Vega steals 2nd base
1-2: Foul Ball, location: 2F
1-2: Ground out 3-1 (Groundball, 34)
Bottom of the 8th over - 2 runs, 4 hits, 0 errors, 2 left on base; Thunder Bay 3 - Vancouver 4
TOP OF THE 9TH
Thunder Bay Northern Lions BC batting - Pitching for Vancouver Grey Wolves : RHP Francisco Valdés
Now at SS: Danny Walsh
Batting: RHB Keith Fish 0-0: Fly out, F7 (Flyball, 7LM)
Batting: LHB Luis Freitas 0-0: Ball
1-0: Foul Ball, location: 2F
1-1: Swinging Strike
1-2: Strikes out swinging
Batting: RHB Augusto Encarnación 0-0: Called Strike
0-1: Called Strike
0-2: Ball
1-2: Ground out 6-3 (Groundball, 6)
Top of the 9th over - 0 runs, 0 hits, 0 errors, 0 left on base; Thunder Bay 3 - Vancouver 4
Tuesday, December 19th, 2017 - OOTP Baseball 18.8 Build 76